 Dungeon Crawl Stone Soup version 0.31.0-11-ge490571c62 (webtiles) character file.

Game seed: 3285771936643587020

22271 experimilk the Grappler (level 11, -6/175 HPs)
             Began as a Troll Gladiator on Feb 1, 2024.
             Was a Follower of Ru.
             Mangled by a minotaur
             ... wielding the +10 morningstar "Eos" {elec, Halo rElec}
              (41 damage)
             ... in a Gauntlet on Feb 2, 2024.
             The game lasted 00:35:23 (14286 turns).

experimilk the Grappler (Troll Gladiator)          Turns: 14286, Time: 00:35:24

Health: -6/175     AC:  8    Str: 34    XL:     11   Next: 61%
Magic:  0/10       EV: 10    Int:  4    God:    Ru [*.....]
Gold:   1045       SH:  0    Dex: 11    Spells: 10/10 levels left

rFire   . .          .
                       - Unarmed
rCold   . . .        (no shield)
rNeg    + . .        G - +0 troll leather armour {Pargi}
rPois   .            b - +0 hat
rElec   .            n - +2 cloak {Will+}
rCorr   .            (gloves unavailable)
SInv    .            (boots unavailable)
Will    +....        t - amulet of guardian spirit Stlth
                     e - ring of positive energy
HPRegen 2.09/turn    D - +6 ring of strength
MPRegen 0.12/turn

%: no teleportation, guardian spirit
@: berserking (expiring), hasted and slowed, glowing
A: large, unfitting armour, claws 3, regeneration 1, shaggy fur 1, tough skin 1,
inexperienced 1
a: Renounce Religion


You were in a Gauntlet.
You worshipped Ru.
Ru was aware of your devotion.
You visited 3 branches of the dungeon, and saw 14 of its levels.
You also visited: Sewer, Bailey and Gauntlet.

You collected 1201 gold pieces.
You spent 156 gold pieces at shops.

Inventory:

Missiles
 a - 8 poisoned darts
 c - a boomerang
 s - 2 curare-tipped darts
 z - 6 large rocks (quivered)
Armour
 b - a +0 hat (worn)
 n - a +2 cloak of willpower (worn)
 G - a +0 troll leather armour (worn) {Pargi}
Jewellery
 e - a ring of positive energy (left claw)
 f - a ring of fire
 q - a ring of magical power
 t - an amulet of guardian spirit (around neck)
 D - a +6 ring of strength (right claw)
 I - an amulet of the acrobat
 L - a ring of positive energy
 M - a +6 ring of intelligence
 N - a ring of ice
Wands
 g - a wand of digging (7)
 j - a wand of quicksilver (21)
 w - a wand of flame (19)
 H - a wand of charming (5)
Scrolls
 i - 2 scrolls of enchant armour
 k - a scroll of poison
 v - a scroll of teleportation
 x - a scroll of revelation
 y - 2 scrolls of noise
 E - a scroll of blinking {unknown}
 F - a scroll of fear {unknown}
 J - a scroll of brand weapon {unknown}
 K - a scroll of enchant weapon {unknown}
 O - a scroll of fog
 P - a scroll of identify
Potions
 d - 2 potions of ambrosia
 h - 7 potions of curing
 l - a potion of haste
 m - 2 potions of enlightenment
 o - 2 potions of lignification
 p - 2 potions of might
 r - 4 potions of heal wounds
 u - a potion of cancellation
 A - 4 potions of mutation
 B - 2 potions of attraction
 C - 2 potions of berserk rage


   Skills:
 - Level 10.0 Fighting
 - Level 10.0 Throwing
 - Level 2.4 Dodging
 + Level 14.8 Unarmed Combat


You had 10 spell levels left.
You didn't know any spells.
Your spell library contained the following spells:

 Spells                   Type           Power      Damage    Failure   Level
 Ensorcelled Hibernation  Hex/Ice        0%         N/A       67%         2
 Lesser Beckoning         Tloc           0%         N/A       67%         2
 Mercury Vapours          Alch/Air       0%         N/A       67%         2
 Call Canine Familiar     Summ           0%         N/A       88%         3
 Frozen Ramparts          Ice            0%         1d1       88%         3
 Fugue of the Fallen      Necr           0%         N/A       88%         3
 Gell's Gravitas          Tloc           0%         N/A       88%         3
 Hailstorm                Conj/Ice       0%         3d5       88%         3
 Ozocubu's Armour         Ice            0%         N/A       88%         3
 Sigil of Binding         Hex            0%         N/A       88%         3
 Stone Arrow              Conj/Erth      0%         3d7       88%         3
 Summon Ice Beast         Ice/Summ       0%         N/A       88%         3
 Teleport Other           Tloc           0%         N/A       88%         3
 Anguish                  Hex/Necr       0%         N/A       99%         4
 Animate Armour           Summ/Erth      0%         N/A       99%         4
 Dimensional Bullseye     Hex/Tloc       0%         N/A       99%         4
 Vhi's Electric Charge    Tloc/Air       0%         N/A       99%         4
 Alistair's Intoxication  Alch           0%         N/A       100%        5
 Borgnjor's Vile Clutch   Necr/Erth      0%         N/A       100%        5
 Freezing Cloud           Conj/Ice/Air   0%         6-21      100%        5
 Eringya's Noxious Bog    Alch           0%         4d6       100%        6
 Sculpt Simulacrum        Ice/Alch       0%         N/A       100%        6
 Ozocubu's Refrigeration  Ice            0%         4d7       100%        7
 Lehudib's Crystal Spear  Conj/Erth      0%         10d2      100%        8


Dungeon Overview and Level Annotations

Branches:
Dungeon (11/15)            Temple (1/1) D:7            Lair (2/5) D:11
  Sewer (visited)          Bailey (visited)         Gauntlet (1/1)
  Swamp: Lair:2-3    Shoals: Lair:2-3     Snake: Lair:2-3    Spider: Lair:2-3
    Orc: D:9-12

Altars:
Ashenzari
Cheibriados
Dithmenos
Elyvilon
Fedhas
Gozag
Hepliaklqana
Kikubaaqudgha
Makhleb
Nemelex Xobeh
Okawaru
Qazlal
Ru
Sif Muna
Trog
Uskayaw
Vehumet
Wu Jian
Xom
Yredelemnul
Zin
The Shining One

Shops:
D:4 (

Annotations:
D:1 1 runed translucent door Gauntlet 8 transporters, exclusion: ice statue


Innate Abilities, Weirdness & Mutations

You are too large for most types of armour.
You have claws for hands.
Your natural rate of healing is unusually fast.
You are covered in fur. (AC +1)
You have tough skin. (AC +1)
You are somewhat inexperienced. (-1 XL)


Message History

The spectral boulder beetle bites you but does no damage.
A minotaur comes into view.
It is wielding the +10 morningstar "Eos" {elec, Halo rElec}.
You eviscerate the death scarab!!!
You destroy the death scarab!
The death scarab bites you!! The death scarab drains your vigour!
You feel as though you will be slow longer.
The death scarab draws strength from your injuries!
The death scarab is stunned by your conviction and fails to attack.
The spectral boulder beetle closely misses you.
Your life force feels restored.
You scratch the death scarab. You claw the death scarab!!
You destroy the death scarab!
You claw the spectral boulder beetle!
The spectral boulder beetle is lightly damaged.
The spectral boulder beetle bites you.
You scratch the spectral boulder beetle but do no damage.
The spectral boulder beetle is lightly damaged.
The spectral boulder beetle bites you! You partially resist.
You feel drained.
You scratch the spectral boulder beetle but do no damage.
The spectral boulder beetle is lightly damaged.
The spectral boulder beetle bites you but does no damage.
The minotaur throws a javelin.
The javelin pierces through you!
* * * LOW HITPOINT WARNING * * *
You claw the spectral boulder beetle!
The spectral boulder beetle is moderately damaged.
You redirect the spectral boulder beetle's attack!
The spectral boulder beetle bites itself.
You eviscerate the spectral boulder beetle!!!
You claw the spectral boulder beetle.
You destroy the spectral boulder beetle!
Your life force feels restored.
You eviscerate the minotaur!!! You claw the minotaur!!
The minotaur is almost dead.
The minotaur is stunned by your conviction and fails to attack.
You barely miss the minotaur.
The minotaur furiously retaliates!
The minotaur headbutts you!
* * * LOW HITPOINT WARNING * * *
The minotaur is almost dead.
The minotaur hits you with the +10 morningstar "Eos" {elec, Halo rElec}!!!
You die...

.................................
..♣P.P♣P.P♣..........P♣..P♣..P♣P.
...........PP...∩...PP...........
≈#≈≈≈#≈≈≈#..♣......P♣..#≈≈≈#≈≈≈#≈
###≈###≈###...........###≈###≈###
# ### ##################### ### #
.................
#.♣.♣.©.©.©.©.♣.♣.#
........@........
###.##.##H##.##.### #. #.##.##.#
.# . ......... . #.## #. #. .# ..
. .#'


You could see a minotaur.

Vanquished Creatures
  Josephine (D:11)
  Fannar (D:11)
  2 death scarabs (Gauntlet)
  2 two-headed ogres
  5 death yaks
  Amaemon (D:11)
  Lodul (D:10)
  An orc knight (Bailey)
  A cyclops (D:9)
  A spectral boulder beetle (Gauntlet)
  An ugly thing (D:11)
  Joseph (D:10)
  An orange demon (D:11)
  2 cane toads
  A gargoyle (D:11)
  3 komodo dragons
  A hornet (D:10)
  4 trolls
  A vampire (D:10)
  4 wraiths (D:11)
  A shadow (D:10)
  2 wyverns
  A basilisk (D:8)
  21 yaks
  A steam dragon (D:7)
  2 water moccasins
  8 orc warriors
  5 ice beasts
  Pargi (Sewer)
  8 wolves
  12 ogres
  A centaur (D:10)
  A phantom (D:6)
  2 brain worms (Sewer)
  7 bullfrogs
  2 gnoll sergeants
  A scorpion (D:5)
  5 killer bees (D:8)
  11 howler monkeys
  2 electric eels (Lair:1)
  A bombardier beetle (D:4)
  Crazy Yiuf (D:4)
  2 jellies
  5 orc priests
  A gnoll bouda (D:5)
  4 hounds
  Jessica (D:2)
  Ijyb (D:4)
  An iguana (D:6)
  3 orc wizards
  Robin (D:4)
  17 gnolls
  4 adders
  2 white imps
  4 ufetubi
  3 dart slugs
  2 ribbon worms
  44 orcs
  6 ball pythons
  9 bats
  6 endoplasms
  4 giant cockroaches
  6 goblins
  5 hobgoblins
  A jackal (D:1)
  11 kobolds
  2 quokkas
  2 frilled lizards
  7 rats
285 creatures vanquished.

Notes
Turn   | Place    | Note
-------+----------+-------------------------------------------
     0 | D:1      | experimilk the Troll Gladiator began the quest for the Orb.
     0 | D:1      | Reached XP level 1. HP: 19/19 MP: 0/0
     1 | D:1      | Found a runed translucent door.
     2 | D:1      | Noticed a jelly
   550 | D:1      | Reached XP level 2. HP: 27/27 MP: 1/1
   813 | D:2      | Reached skill level 4 in Unarmed Combat
   929 | D:2      | Reached XP level 3. HP: 33/33 MP: 2/2
   958 | D:2      | Noticed Jessica
   979 | D:2      | Killed Jessica
   984 | D:2      | Reached skill level 5 in Unarmed Combat
   984 | D:2      | Reached XP level 4. HP: 40/41 MP: 3/3
  1732 | D:3      | Reached XP level 5. HP: 38/48 MP: 4/4
  1988 | D:3      | Reached skill level 6 in Unarmed Combat
  2280 | D:4      | Noticed an ogre
  2283 | D:4      | Killed an ogre
  2377 | D:4      | Reached XP level 6. HP: 39/55 MP: 5/5
  2484 | D:4      | Reached skill level 7 in Unarmed Combat
  2582 | D:4      | Found Kowoacro's Weapon Shoppe.
  2586 | D:4      | Bought 4 large rocks for 78 gold pieces
  2701 | D:4      | Noticed Robin
  2701 | D:4      | Noticed Ijyb
  2708 | D:4      | Killed Ijyb
  2729 | D:4      | Killed Robin
  3040 | D:4      | Found a runed translucent door.
  3041 | D:4      | Noticed Crazy Yiuf
  3049 | D:4      | Killed Crazy Yiuf
  3075 | D:5      | Entered Level 5 of the Dungeon
  3101 | D:5      | Noticed an ice beast
  3110 | D:5      | Killed an ice beast
  3111 | D:5      | Reached skill level 8 in Unarmed Combat
  3111 | D:5      | Reached XP level 7. HP: 56/62 MP: 6/6
  3118 | D:5      | Got the Volume of the Squall
  3382 | D:5      | Reached skill level 9 in Unarmed Combat
  3814 | D:4      | Bought 3 boomerangs for 78 gold pieces
  4209 | D:6      | Reached XP level 8. HP: 70/70 MP: 7/7
  4380 | D:6      | Reached skill level 10 in Unarmed Combat
  4423 | D:6      | Found a glowing drain.
  4430 | Sewer    | Entered a sewer
  4475 | Sewer    | Noticed Pargi
  4487 | Sewer    | Killed Pargi
  4670 | D:6      | Found a glowing golden altar of the Shining One.
  4722 | D:6      | Identified the +1 hand axe of Namex {holy, rF++ Int+4}
  5379 | D:7      | Reached skill level 5 in Throwing
  5557 | D:7      | Found a staircase to the Ecumenical Temple.
  5564 | Temple   | Entered the Ecumenical Temple
  5603 | Temple   | Became a worshipper of Ru the Awakened
  5775 | D:7      | Reached XP level 9. HP: 76/76 MP: 8/8
  7093 | D:9      | Noticed a cyclops
  7109 | D:9      | Killed a cyclops
  7112 | D:8      | Gained mutation: You are somewhat inexperienced. (-1 XL)
                  | [Ru sacrifice]
  7112 | D:8      | Reached XP level 8. HP: 70/70 MP: 7/7
  7112 | D:8      | Reached * piety under Ru
  7364 | D:9      | Reached skill level 10 in Throwing
  7441 | D:9      | Found a snail-covered altar of Cheibriados.
  7509 | D:9      | Identified the +0 trident of a sewer {vamp, rF+ rC- Str-5
                  | Dex+8}
  7573 | D:9      | Found a radiant altar of Vehumet.
  7600 | D:9      | Got Zunkycin's Directory of Chilblains and Ensorcelling
  7648 | D:9      | Reached XP level 9. HP: 80/80 MP: 8/8
  8010 | D:9      | Found a hazy altar of Hepliaklqana.
  8450 | D:9      | Reached skill level 5 in Fighting
  8836 | D:10     | Entered Level 10 of the Dungeon
  8836 | D:10     | Noticed Lodul
  9082 | D:10     | Paralysed by a hornet for 3 turns
  9095 | D:10     | Found a flagged portal.
  9143 | D:10     | Killed Lodul
  9168 | Bailey   | Entered a bailey
  9382 | Bailey   | Noticed an orc knight
  9422 | Bailey   | Killed an orc knight
  9423 | Bailey   | Reached XP level 10. HP: 104/104 MP: 9/9
  9447 | Bailey   | Found the +8 orange crystal plate armour {Archmagi, Int+3
                  | Clar}
  9453 | Bailey   | Identified the +2 pair of gloves of Ypebyci {Rampage}
  9626 | D:10     | Noticed a two-headed ogre
  9628 | D:10     | Killed a two-headed ogre
  9769 | D:10     | Noticed Joseph
  9776 | D:10     | Killed Joseph
 10195 | D:11     | Found an ornate altar of the Wu Jian Council.
 10199 | D:11     | Noticed Amaemon
 10204 | D:11     | Killed Amaemon
 10481 | D:11     | Noticed a death yak
 10481 | D:11     | Noticed Fannar
 10481 | D:11     | Found a staircase to the Lair.
 10481 | D:11     | Noticed a two-headed ogre
 10482 | D:11     | Noticed a death yak
 10483 | D:11     | Noticed a death yak
 10484 | D:11     | Noticed a death yak
 10484 | D:11     | Noticed a death yak
 10484 | D:11     | Noticed a death yak
 10494 | D:10     | Killed a death yak
 10558 | D:11     | Noticed a death yak
 10559 | D:11     | Noticed a death yak
 10570 | D:11     | Killed a death yak
 10578 | D:10     | Killed a death yak
 10579 | D:10     | Reached skill level 10 in Fighting
 10591 | D:10     | Killed a death yak
 10834 | D:11     | Reached skill level 11 in Unarmed Combat
 10930 | D:11     | Killed a death yak
 10984 | D:11     | Noticed a white ugly thing
 10992 | D:11     | Killed a white ugly thing
 11184 | D:11     | Killed a two-headed ogre
 11185 | D:11     | Reached skill level 12 in Unarmed Combat
 11207 | D:11     | Killed Fannar
 11261 | D:11     | Noticed Josephine
 11291 | D:11     | Reached XP level 11. HP: 101/117 MP: 8/10
 11301 | D:11     | Killed Josephine
 11573 | Lair:1   | Entered Level 1 of the Lair of Beasts
 11763 | Lair:1   | Reached skill level 13 in Unarmed Combat
 13381 | Lair:2   | Reached skill level 14 in Unarmed Combat
 13429 | Lair:2   | Found a gate leading to a gauntlet.
 13450 | Gauntlet | Entered a Gauntlet
 13450 | Gauntlet | Found a transporter.
 13678 | Gauntlet | Found a transporter.
 13680 | Gauntlet | Found a transporter.
 13691 | Gauntlet | Found a transporter.
 13694 | Gauntlet | Found a transporter.
 13700 | Gauntlet | Noticed a death yak
 13705 | Gauntlet | Found a transporter.
 13721 | Gauntlet | Found a transporter.
 13722 | Gauntlet | Noticed a death yak
 13728 | Gauntlet | Noticed a death scarab
 13732 | Gauntlet | Found a transporter.
 13732 | Gauntlet | Noticed a death scarab
 13732 | Gauntlet | Noticed a death yak
 13744 | Gauntlet | Found a transporter.
 13746 | Gauntlet | Noticed a death yak
 13746 | Gauntlet | Noticed a death yak
 13746 | Gauntlet | Noticed a death yak
 13747 | Gauntlet | Noticed a death yak
 13747 | Gauntlet | Noticed a death yak
 13747 | Gauntlet | Noticed a death yak
 13749 | Gauntlet | Found a transporter.
 13749 | Gauntlet | Found a transporter.
 13777 | Gauntlet | Found a transporter.
 13830 | Gauntlet | Found a transporter.
 14052 | Gauntlet | Found a transporter.
 14258 | Gauntlet | Identified the +8 quarterstaff of Lust {flame, Dex+3}
 14276 | Gauntlet | Noticed a minotaur
 14277 | Gauntlet | Killed a death scarab
 14278 | Gauntlet | Killed a death scarab
 14286 | Gauntlet | Mangled by a minotaur

Illustrated notes

Levels and vault maps discovered:
D:1:      dpeg_arrival_caged_fury, layout_loops_ring, grunt_decor_one_mirror,
          minmay_quantized
D:2:      cheibrodos_pilgrimage, layout_basic, minmay_tetromino_i4, uniq_jessica
D:3:      layout_loops_ring
D:4:      layout_basic, serial_shops, nicolae_shop_back_alley_shop,
          nicolae_goblin_pals, uniq_crazy_yiuf_cottage
D:5:      layout_rooms, grunt_decor_fettered, st_stairs_14
D:6:      layout_loops_ring, nicolae_tso_swordbearing_angel,
          lightli_sewer_entry_pipes, item_on_display_a
D:7:      layout_basic, temple_green, minmay_between
D:8:      layout_basic
D:9:      layout_stronghold, vehumet_crystals, kennysheep_little_box,
          minmay_ruined_shrine
D:10:     layout_long_grid, enter_bailey_6, uniq_joseph, uniq_lodul
D:11:     layout_rooms, dpeg_lair_monsters, minmay_variable_closet,
          nicolae_wu_jian_wuxing_cycle, uniq_amaemon, uniq_fannar,
          uniq_josephine
Temple:   hellmonk_temple_of_storms
Lair:1:   layout_layer_cave, serial_bayou_shore_a, lemuel_fruit_fields
Lair:2:   layout_hall_layers, basic_altar, gauntlet_entry_generic,
          serial_bayou_pond_b, hangedman_lair_generics_rect
Gauntlet: minmay_gauntlet_77_tree [minmay_gauntlet_arena_77_mirror,
          minmay_gauntlet_arena_77_two_lines, minmay_gauntlet_arena_77_fan,
          minmay_gauntlet_arena_77_box, minmay_gauntlet_arena_77_chump_sandwich,
          minmay_gauntlet_arena_77_hold_the_fort,
          minmay_gauntlet_arena_77_braids, gauntlet_exit_green]

Skill      XL: |  1  2  3  4  5  6  7  8  9 10 11 |
---------------+----------------------------------+-----
Unarmed Combat | 4 5 6 8 9 10 12 14 | 14.8
Throwing       | 10 9 | 10.0
Fighting       | 2 8 10 | 10.0
Dodging        | |  2.4

Action                     |  1- 3 |  4- 6 |  7- 9 | 10-12 || total
---------------------------+-------+-------+-------+-------++-------
  Melee: Unarmed           |    58 |   137 |   297 |   186 ||   678
         Punch             |     1 |     6 |    13 |    18 ||    38
  Throw: Dart              |       |     2 |    53 |    31 ||    86
         Large rock        |       |     2 |    39 |    31 ||    72
         Boomerang         |       |       |    66 |    35 ||   101
         Throwing net      |       |       |       |     4 ||     4
 Invoke: Sacrifice Experie |       |       |     1 |       ||     1
         Reject Sacrifices |       |       |       |     1 ||     1
    Use: Scroll            |     1 |     6 |    11 |     5 ||    23
         Potion            |       |       |     1 |     3 ||     4
   Stab: Sleeping          |       |     4 |     3 |       ||     7
         Held in net/web   |       |       |       |     1 ||     1
         Distracted        |       |       |       |     2 ||     2
 Armour: Robe              |    38 |    77 |    45 |       ||   160
         Troll leather arm |       |       |   135 |   157 ||   292
         Skin              |       |       |     4 |       ||     4
  Dodge: Dodged            |    32 |    48 |   130 |    74 ||   284
